 Dungeon Crawl Stone Soup version 0.21.1-1-g345015f (webtiles) character file.

21 Kairos the Skirmisher (level 3, 30/30 HPs)
             Began as a Formicid Abyssal Knight on Mar 27, 2018.
             Was a Follower of Lugonu.
             Got out of the dungeon alive.
             The game lasted 00:02:24 (659 turns).

Kairos the Skirmisher (Formicid Abyssal Knight)      Turns: 659, Time: 00:02:25

Health: 30/30      AC:  8    Str: 17    XL:     3   Next: 2%
Magic:  4/4        EV: 10    Int: 11    God:    Lugonu [*.....]
Gold:   76         SH:  0    Dex: 10    Spells: 2/2 levels left

rFire    . . .     SeeInvis +   o - -2 mace (curse)
rCold    . . .     Gourm    .   (no shield)
rNeg     . . .     Faith    .   d - +3 ring mail
rPois    .         Spirit   .   (helmet unavailable)
rElec    .         Reflect  .   (no cloak)
rCorr    .         Harm     .   (no gloves)
MR       .....                  (no boots)
Stlth    ..........             (no amulet)
HPRegen  0.10/turn              i - ring of see invisible
MPRegen  0.09/turn              (no ring)

@: no status effects
A: permanent stasis, dig shafts and tunnels, four strong arms, antennae 3
a: Dig, Shaft Self, Depart the Abyss, Renounce Religion


You escaped.
You worshipped Lugonu.
Lugonu was aware of your devotion.
You were not hungry.

You visited 1 branch of the dungeon, and saw 1 of its levels.
You visited the Abyss 1 time.

You collected 76 gold pieces.

Inventory:

Hand Weapons
 a - a +1 hand axe
 o - a cursed -2 mace (weapon)
Armour
 b - a +0 leather armour
 d - a +3 ring mail (worn)
Jewellery
 i - a ring of see invisible (left hand)
Scrolls
 e - a scroll of teleportation
 g - a scroll of identify
Potions
 f - 3 potions of heal wounds
 h - a potion of magic {unknown}
 j - 2 potions of brilliance {unknown}
 k - 2 potions of mutation {unknown}
 l - a potion of might {unknown}
 n - a potion of degeneration {unknown}
Comestibles
 c - 2 rations


   Skills:
 + Level 4.0 Fighting
 + Level 2.2 Axes
 + Level 2.3 Armour
 + Level 1.1 Dodging
 + Level 2.2 Invocations


You had 2 spell levels left.
You didn't know any spells.

Dungeon Overview and Level Annotations

Branches:
Dungeon (1/15)

Altars:


Innate Abilities, Weirdness & Mutations

You cannot be hasted, slowed, berserked, paralysed or teleported.
You can dig through walls and to a lower floor.
Your four strong arms can wield two-handed weapons with a shield.
You have a pair of large antennae on your head. (SInv)


Message History

It sticks to your hand!
o - a cursed -2 mace (weapon)
As you read the scroll labeled GOCVYO WEDURE, it crumbles to dust.
You feel a strange sense of stasis.
It was a scroll of teleportation.
As you read the scroll labeled ROUFEU JAKEU, it crumbles to dust.
It is a scroll of identify.
f - 3 potions of heal wounds
As you read the scroll labeled MAGICIOVUP, it crumbles to dust.
Your stasis prevents you from teleporting.
It was a scroll of blinking.
Okay, then.
You can't go down here!
Press: ? - help, v - describe, . - travel The floor.
You can't go down here!
Press: ? - help, v - describe, . - travel The floor.
There is a staircase leading out of the dungeon here.
Are you sure you want to leave the Dungeon?
This will make you lose the game!
You have escaped!

# #.##...........#.##.##.#.....#.
###.#....##.#...##....##.#####.#.
..#.#....).......#######.#.......
..#.#.........#...#...##.#...#.##
>.#.#.....####..8......#.#.#.#.#
.##.#########.......#....###.#.#
'##..........................#.#
.....#####......8.....####.....#
.....# #.#....@....###....#####
.....#####.#.8.....8.# #....+....
.....#.....#...≈§≈...# #....####'
.....#.#######≈≈≈≈≈### #.........
.....#.# #≈§≈≈≈# #.........
.....'.# #§§>≈≈# #.........
.....### ####### #####.....
.....# ####..... .....# #........


There were no monsters in sight!

Vanquished Creatures
  A dart slug (D:1)
  A giant cockroach (D:1)
  2 goblins (D:1)
  2 hobgoblins (D:1)
  3 jackals (D:1)
  A kobold (D:1)
  2 bats (D:1)
  3 frilled lizards (D:1)
  3 rats (D:1)
18 creatures vanquished.

Notes
Turn   | Place    | Note
-------+----------+-------------------------------------------
     0 | Abyss:1  | Kairos the Formicid Abyssal Knight began the quest for the Orb.
     0 | Abyss:1  | Reached XP level 1. HP: 18/18 MP: 2/2
     4 | Abyss:2  | Found a corrupted altar of Lugonu.
   111 | Abyss:2  | Noticed a starcursed mass
   115 | Abyss:2  | Noticed a small abomination
   120 | D:1      | Escaped the Abyss
   242 | D:1      | Reached * piety under Lugonu
   283 | D:1      | Reached XP level 2. HP: 21/25 MP: 3/3
   316 | D:1      | Reached skill level 1 in Dodging
   498 | D:1      | Reached skill level 4 in Fighting
   498 | D:1      | Reached XP level 3. HP: 29/30 MP: 4/4
   659 | D:$      | Got out of the dungeon alive.

Skill      XL: |  1  2 |
---------------+-------+-----
Dodging        | 1 |  1.1
Fighting       | 4 |  4.0
Axes           | |  2.2
Armour         | |  2.3
Invocations    | |  2.2

Action                   || total
-------------------------++-------
Melee: Hand axe          ||    52
Invok: Depart the Abyss  ||     1
  Use: Scroll            ||     3
Armor: Ring mail         ||    18
       Leather armour    ||     2
Dodge: Dodged            ||    40
